 Dungeon Crawl Stone Soup version 0.31-a0-819-gf6de2f5ab6 (webtiles) character file.

Game seed: 17356783367393735132

33 qw the Shooter (level 3, -1/22 HPs)
             Began as a Gargoyle Hunter on Sept 23, 2023.
             Slain by a goblin
             ... wielding a +0 club
             ... led by Robin
              (6 damage)
             ... on level 2 of the Dungeon.
             The game lasted 00:00:18 (817 turns).

qw the Shooter (Gargoyle Hunter)                     Turns: 817, Time: 00:00:19

Health: -1/22      AC:  6    Str: 14    XL:     3   Next: 29%
Magic:  3/3        EV: 11    Int:  9    God:
Gold:   19         SH:  0    Dex: 15    Spells: 2/2 levels left

rFire   . . .        Y - +0 shortbow
rCold   . . .        (shield currently unavailable)
rNeg    + . .        c - +0 leather armour
rPois   inf          (no helmet)
rElec   +            (no cloak)
rCorr   .            (no gloves)
SInv    .            (no boots)
Will    .....        (no amulet)
Stlth   ++           (no ring)
HPRegen 0.23/turn    (no ring)
MPRegen 0.08/turn

%: no passive effects
@: about to teleport
A: sickness immunity, AC +3, negative energy resistance 1, electricity
resistance, torment resistance 1, petrification resistance
a: no special abilities


You were on level 2 of the Dungeon.
You visited 1 branch of the dungeon, and saw 2 of its levels.

You collected 19 gold pieces.


Innate Abilities, Weirdness & Mutations

You are immune to sickness and miasma.
Your stone body is resilient. (AC +3)
You are immune to poison.
You resist negative energy. (rN+)
You are resistant to electric shocks. (rElec)
You are resistant to unholy torment.
You are immune to petrification.


   Skills:
 + Level 2.4 Fighting
 - Level 5.0 Ranged Weapons
 - Level 1.5 Dodging
 - Level 1.1 Stealth


You had 2 spell levels left.
You didn't know any spells.
Your spell library was empty.

Inventory:

Hand Weapons
 Y - a +0 shortbow (weapon)
Armour
 a - a +0 pair of boots
 c - a +0 leather armour (worn)
Potions
 b - a potion of might {unknown}
 h - a potion of haste {unknown}

Dungeon Overview and Level Annotations

Branches:
Dungeon (2/15)

Altars:

Annotations:
D:2 Robin


Message History

You kill the goblin!
The goblin closely misses you. The goblin barely misses you.
The goblin hits you but does no damage. Robin throws the goblin at you!
The goblin hits you but does no damage.
You shoot an arrow. The arrow closely misses the goblin.
The goblin hits you but does no damage. x3
Robin roars a battlecry!
The goblins go into a battle-frenzy!
The goblin barely misses you.
You shoot an arrow. The arrow closely misses the goblin.
The goblin closely misses you. The goblin hits you with a +0 club.
The goblin hits you but does no damage. The goblin hits you with a +0 dagger.
The goblin unwields a +0 sling.
The goblin wields a +0 club.
The goblin hits you but does no damage.
You shoot an arrow. The arrow hits the goblin.
You kill the goblin!
The goblin barely misses you. x2; Robin throws the goblin at you!
The goblin barely misses you. The goblin closely misses you.
You shoot an arrow.
The arrow hits the goblin but does no damage.
The goblin misses you. The goblin hits you but does no damage.
The goblin barely misses you. The goblin hits you but does no damage.
The goblin misses you. The goblin hits you but does no damage.
The goblin misses you. The goblin hits you but does no damage.
Robin throws the goblin at you! The goblin barely misses you.
The goblin hits you but does no damage.
The goblin hits you with a +0 vampiric dagger.
You shoot an arrow. The arrow closely misses the goblin.
The goblin hits you but does no damage.
The goblin hits you with a +0 vampiric dagger.
Robin throws the goblin at you!
The goblin hits you with a +0 dagger. x2
The goblin hits you with a +0 club. The goblin closely misses you.
The goblin barely misses you.
817 ||| READING scroll of teleportation.
As you read the scroll of teleportation, it crumbles to dust.
You feel strangely unstable. The goblin completely misses you.
The goblin hits you but does no damage.
The hobgoblin hits you but does no damage.
The goblin hits you but does no damage. x2; The goblin hits you with a +0 club.
You die...

# . # .. # ... #######
########## .... #.....#
#........#
.....#.....####.######.#
......ggg..'........##.#
.)...)g@g..###########.#
###'#.ggg...............
#.###+#.############.#
#>...................#
........#.#####.......
#######.#...#########...
.......<..........###.%.
#########...........+...
#.####......#...


You could see Robin, a hobgoblin (strong) and 6 goblins.

Vanquished Creatures
  A dart slug (D:1)
  2 endoplasms
  2 giant cockroaches
  A hobgoblin (D:1)
  4 jackals (D:1)
  2 quokkas (D:1)
  A bat (D:1)
  2 frilled lizards
  8 goblins
  2 kobolds (D:1)
  2 rats (D:1)
27 creatures vanquished.

Notes
Turn   | Place    | Note
-------+----------+-------------------------------------------
     0 | D:1      | qw the Gargoyle Hunter began the quest for the Orb.
     0 | D:1      | Reached XP level 1. HP: 12/12 MP: 1/1
     0 | D:1      | 0 ||| qw: Version: 0.3-a-83-gcd0e7d8
     0 | D:1      | 0 ||| qw: Game counter: 1664
     0 | D:1      | 0 ||| qw: Melee chars always use a shield: true
     0 | D:1      | 0 ||| qw: God list: Okawaru
     0 | D:1      | 0 ||| qw: Allow faded altars: false
     0 | D:1      | 0 ||| qw: Do Orc after clearing Dungeon:15 true
     0 | D:1      | 0 ||| qw: Do second Lair branch before Depths: true
     0 | D:1      | 0 ||| qw: Lair rune preference: random
     0 | D:1      | 0 ||| qw: Goals: Normal
     0 | D:1      | 0 ||| PLANNING D:1-11
    62 | D:1      | Reached XP level 2. HP: 10/17 MP: 2/2
   463 | D:1      | Found a faded altar of an unknown god.
   711 | D:1      | 711 ||| READING scroll labelled EVAFAR VEDEMPY.
   712 | D:1      | 712 ||| READING scroll labelled NIC EWNUAMN.
   713 | D:1      | 713 ||| READING scroll labelled PIOKLY ECHEUWU.
   714 | D:1      | 714 ||| READING scroll labelled LUS IDIKIAM.
   719 | D:1      | 719 ||| DROPPING scroll of butterflies.
   750 | D:2      | Reached XP level 3. HP: 21/21 MP: 3/3
   805 | D:2      | Noticed Robin
   807 | D:2      | Reached skill level 5 in Ranged Weapons
   816 | D:2      | HP: 4/22 [goblin/+0 club[Robin] (2)]
   817 | D:2      | 817 ||| READING scroll of teleportation.
   817 | D:2      | Slain by a goblin

Levels and vault maps discovered:
D:1:      mrwooster_arrival_statue, layout_loops_cross,
          hellmonk_ecumenical_altar_blasted
D:2:      layout_basic, uniq_sigmund, uniq_robin

Skill      XL: |  1  2  3 |
---------------+----------+-----
Ranged Weapons | 5 |  5.0
Fighting       | |  2.4
Dodging        | |  1.5
Stealth        | |  1.1

Action                     || total
---------------------------++-------
   Fire: Shortbow          ||    70
    Use: Scroll            ||     5
 Armour: Leather armour    ||    49
  Dodge: Dodged            ||    30

Table legend:
 A = Non-vault XP
 B = Vault XP
 C = Vault XP percentage of total XP
 D = Non-vault monster count
 E = Vault monster count
 F = Vault count percentage of total count
                 A         B        C        D         E       F
            +---------+---------+-------+---------+---------+-------
      Total |      38 |      10 |  20.8 |      22 |       5 |  18.5
            +---------+---------+-------+---------+---------+-------
        D:1 |      33 |       0 |   0.0 |      19 |       0 |   0.0
        D:2 |       5 |      10 |  66.7 |       3 |       5 |  62.5
            +---------+---------+-------+---------+---------+-------
